 Dungeon Crawl Stone Soup version 0.30-a0-122-g2a1322497e (webtiles) character file.

Game seed: 14234629802579048846

12547 porpoise the Spear-Bearer (level 11, -2/77 HPs)
             Began as a Demonspawn Gladiator on Sept 17, 2022.
             Was a Believer of Hepliaklqana.
             Slain by a wolf (5 damage)
             ... on level 2 of the Lair of Beasts.
             The game lasted 00:58:05 (14865 turns).

porpoise the Spear-Bearer (Demonspawn Gladiator)   Turns: 14865, Time: 00:58:06

Health: -2/77      AC: 31    Str: 16    XL:     11   Next: 63%
Magic:  25/25      EV:  2    Int: 12    God:    Hepliaklqana [**....]
Gold:   759        SH: 10    Dex: 15    Spells: 6/10 levels left

rFire   + . .      SeeInvis +    a - +0 trident
rCold   . . .      Faith    .    P - +0 buckler
rNeg    . . .      Spirit   .    u - +6 crystal plate armour of Ycoolos {rF+ SInv}
rPois   .          Reflect  +    K - +2 hat
rElec   .          Harm     .    (no cloak)
rCorr   .          Rampage  .    I - +1 pair of gloves
Will    .....                    z - +0 pair of boots
Stlth   ..........               M - amulet of reflection
HPRegen 0.22/turn                H - ring of magical power
MPRegen 0.19/turn                (no ring)

@: no status effects
A: reduced essence, horns 2, slimy green scales 2, ignite blood 1, demonic magic
1
a: Renounce Religion, Ancestor Life: Knight, Ancestor Life: Battlemage, Ancestor
Life: Hexer, Recall Ancestor, Ancestor Identity


You were on level 2 of the Lair of Beasts.
You worshipped Hepliaklqana.
Hepliaklqana was pleased with you.
You visited 3 branches of the dungeon, and saw 13 of its levels.
You also visited: Ossuary.

You collected 759 gold pieces.

Inventory:

Hand Weapons
 a - a +0 trident (weapon)
 b - a +3 sling
 L - a +2 dagger of draining
Missiles
 T - 2 atropa-tipped darts (quivered)
Armour
 u - the +6 crystal plate armour of Ycoolos (worn) {rF+ SInv}
   (You acquired it on level 6 of the Dungeon)

   rF:        It protects you from fire.
   SInv:      It lets you see invisible.
 z - a +0 pair of boots (worn)
 I - a +1 pair of gloves (worn)
 K - a +2 hat (worn)
 P - a +0 buckler (worn)
Jewellery
 g - a ring of ice
 H - a ring of magical power (left hand)
 M - an amulet of reflection (around neck)
Wands
 j - a wand of iceblast (10)
 F - a wand of charming (9)
Scrolls
 c - 2 scrolls of blinking
 e - a scroll of brand weapon {unknown}
 l - 5 scrolls of fog
 q - 3 scrolls of teleportation
 t - 4 scrolls of poison
 A - a scroll of vulnerability
 B - 3 scrolls of magic mapping {unknown}
 Q - a scroll of enchant weapon {unknown}
 S - a scroll of fear
Potions
 f - 8 potions of curing
 i - a potion of attraction
 k - 4 potions of lignification
 m - 4 potions of heal wounds
 n - 2 potions of invisibility
 o - 2 potions of ambrosia
 r - 2 potions of haste
 v - 2 potions of might
 x - a potion of cancellation {unknown}
 E - a potion of resistance {unknown}
 J - a potion of brilliance {unknown}
 R - 3 potions of berserk rage {unknown}


   Skills:
 + Level 8.0 Fighting
 + Level 12.4 Polearms
 - Level 1.7 Throwing
 - Level 5.0 Armour
 - Level 5.0 Dodging
 - Level 5.0 Shields
 - Level 7.0 Invocations
 + Level 2.2 Evocations


You had 6 spell levels left.
You knew the following spells:

 Your Spells              Type           Power      Damage    Failure   Level
k - Blink                 Tloc           0%         N/A       100%        2
w - Wereblood             Tmut           0%         N/A       100%        2

Your spell library contained the following spells:

 Spells                   Type           Power      Damage    Failure   Level
 Apportation              Tloc           0%         N/A       100%        1
 Beastly Appendage        Tmut           0%         N/A       100%        1
 Magic Dart               Conj           0%         1d3       100%        1
 Call Imp                 Summ           0%         N/A       100%        2
 Static Discharge         Conj/Air       0%         3-3/arc   100%        2
 Sublimation of Blood     Necr           0%         N/A       100%        2
 Ignite Poison            Fire/Tmut/Pois 0%         N/A       100%        3
 Lesser Beckoning         Tloc           0%         N/A       100%        3
 Mephitic Cloud           Conj/Pois/Air  0%         N/A       100%        3
 Portal Projectile        Hex/Tloc       0%         N/A       100%        3
 Spider Form              Tmut/Pois      0%         N/A       100%        3
 Tukima's Dance           Hex            0%         N/A       100%        3
 Manifold Assault         Tloc           0%         N/A       100%        4
 Petrify                  Tmut/Erth      0%         N/A       100%        4
 Sticky Flame             Conj/Fire      0%         2d3       100%        4
 Alistair's Intoxication  Tmut/Pois      0%         N/A       100%        5
 Arcjolt                  Conj/Air       0%         1d10      100%        5
 Blade Hands              Tmut           0%         N/A       100%        5
 Fireball                 Conj/Fire      0%         3d3       100%        5
 Freezing Cloud           Conj/Ice/Air   0%         6-21      100%        5
 Irradiate                Conj/Tmut      0%         3d11      100%        5
 Iskenderun's Battlesphe  Conj           0%         2d6       100%        5
 Lightning Bolt           Conj/Air       0%         1d11      100%        5
 Conjure Ball Lightning   Conj/Air       0%         3x3d6     100%        6
 Orb of Destruction       Conj           0%         9d5       100%        7
 Maxwell's Capacitive Co  Air            0%         ∞         100%        8


Dungeon Overview and Level Annotations

Branches:
Dungeon (10/15)            Temple (1/1) D:7            Lair (2/5) D:9
Ossuary (visited)
  Swamp: Lair:2-3    Shoals: Lair:2-3     Snake: Lair:2-3    Spider: Lair:2-3
    Orc: D:9-12

Altars:
Ashenzari
Cheibriados
Dithmenos
Fedhas
Gozag
Hepliaklqana
Kikubaaqudgha
Makhleb
Nemelex Xobeh
Okawaru
Qazlal
Ru
Sif Muna
Trog
Uskayaw
Vehumet
Wu Jian
Xom
Yredelemnul

Shops:
D:7 =

Annotations:
D:9 1 runed translucent door, IdlyInterested's ghost, novice FoGl


Innate Abilities, Weirdness & Mutations

Your life essence is reduced to manifest your ancestor. (-10% HP)
You have a pair of horns on your head.
You are mostly covered in slimy green scales. (AC +3)
Your demonic aura sometimes causes spilled blood to erupt in flames.
Spells you cast may paralyse adjacent enemies.


Message History

You block the wolf's attack. The wolf bites you.
* * * LOW HITPOINT WARNING * * *
The wolf barely misses you.
Becki misses the wolf.
The wolf bites you but does no damage. x2
Reach: a) +0 trident
Press: ? - help, Dir - move target, f/p - wolf
Aim: a wolf (heavily wounded, about 46% to evade your +0 trident)
You closely miss the wolf.
You headbutt the wolf, but do no damage.
The wolf is heavily wounded.
You block the wolf's attack.
The wolf bites you but does no damage. x3
Becki hits the wolf but does no damage.
The wolf bites you but does no damage. x2
Reach: a) +0 trident
Press: ? - help, Dir - move target, f/p - wolf
Aim: a wolf (heavily wounded, about 46% to evade your +0 trident)
You barely miss the wolf.
The wolf is heavily wounded.
You block the wolf's attack. x2; The wolf bites you but does no damage.
The wolf bites you.
* * * LOW HITPOINT WARNING * * *
The wolf bites you.
* * * LOW HITPOINT WARNING * * *
Becki closely misses the wolf.
Reach: a) +0 trident
Press: ? - help, Dir - move target, f/p - wolf
Aim: a wolf (heavily wounded, about 46% to evade your +0 trident)
You closely miss the wolf. Your headbutt misses the wolf.
The wolf is heavily wounded.
The wolf bites you.
* * * LOW HITPOINT WARNING * * *
The wolf bites you but does no damage. You block the wolf's attack.
The wolf bites you but does no damage.
Unknown command.
Unknown command.
Unknown command.
You hit the wolf.
The wolf is lightly wounded.
You block the wolf's attack. The wolf bites you but does no damage.
The wolf barely misses you. The wolf bites you.
You die...

..### ###........##
#...#P.###.P........####
##..................P.#P#
..........................
........................†..
................##...#####..
...............####### #..P
.....$.........# ##.#
..........h@...# #.P
.........Rhhh..### #.P
.................# #.+
........|........# ##.#
........(.........# #####...
......†..........###..#.##..
.........................(.P
..........^.^^^....#........
........^....^..............


You could see the friendly Becki the ancestor and 4 wolves.

Vanquished Creatures
  2 boulder beetles (Lair:1)
  2 two-headed ogres (D:9)
  Joseph (D:7)
  4 cane toads
  An unseen horror (D:10)
  A torpor snail (Lair:1)
  2 rime drakes
  Psyche (D:10)
  A komodo dragon (Lair:1)
  A polar bear (Lair:2)
  A hornet (D:10)
  A troll (D:8)
  10 yaks (Lair:1)
  A wyvern (D:10)
  A wraith (D:9)
  2 basilisks
  2 water moccasins (Lair:1)
  An ice beast (D:7)
  3 orc warriors
  A sky beast (D:8)
  2 black bears (D:5)
  8 centaurs
  3 wolves (Lair:2)
  An elf zombie (Ossuary)
  6 bullfrogs
  A scorpion (D:4)
  A necrophage (D:5)
  12 wights
  4 killer bees (D:9)
  A human zombie (Ossuary)
  4 jellies
  3 hounds
  8 orc priests
  3 iguanas (D:5)
  13 orc wizards
  6 adders
  A shadow imp (D:5)
  An ufetubus (D:6)
  3 adder zombies (Ossuary)
  A worm (D:6)
  6 dart slugs
  35 orcs
  5 ball pythons
  9 endoplasms
  4 giant cockroaches
  5 hobgoblins
  3 jackals (D:3)
  5 quokkas
  10 bats
  6 frilled lizards
  9 goblins
  2 goblin zombies (Ossuary)
  9 hobgoblin zombies (Ossuary)
  A jackal zombie (Ossuary)
  5 kobolds
  7 kobold zombies (Ossuary)
  9 orc zombies (Ossuary)
  2 rats (D:2)
  A rat zombie (Ossuary)
254 creatures vanquished.

Vanquished Creatures (collateral kills)
  A yak (Lair:1)
  A water moccasin (Lair:1)
  A wolf (Lair:2)
  A mummy (Ossuary)
  An orc zombie (Ossuary)
  A rat zombie (Ossuary)
6 creatures vanquished.

Vanquished Creatures (others)
  A wyvern (D:8)
  2 centaurs (D:8)
  2 bullfrogs (D:8)
  A howler monkey (D:8)
  A gnoll bouda (D:8)
  9 ancestors
  An orc wizard (D:8)
  A mummy (Ossuary)
  An orc (D:6)
  An orc zombie (Ossuary)
  2 fungi (D:9)
  15 plants
37 creatures vanquished.

Grand Total: 297 creatures vanquished

Notes
Turn   | Place    | Note
-------+----------+-------------------------------------------
     0 | D:1      | porpoise the Demonspawn Gladiator began the quest for the
                  | Orb.
     0 | D:1      | Reached XP level 1. HP: 16/16 MP: 1/1
   168 | D:1      | Reached skill level 3 in Polearms
   177 | D:1      | Gained mutation: You have a pair of small horns on your
                  | head. [demonic ancestry]
   177 | D:1      | Reached XP level 2. HP: 8/22 MP: 2/2
  1120 | D:1      | Found a faded altar of an unknown god.
  1141 | D:1      | Gained mutation: You are partially covered in slimy green
                  | scales. (AC +2) [demonic ancestry]
  1141 | D:1      | Reached XP level 3. HP: 28/28 MP: 3/3
  2070 | D:2      | Identified the +2 leather armour of Ignis's Regard {Slay+2
                  | Stlth+}
  2113 | D:2      | Reached skill level 4 in Polearms
  2125 | D:2      | Gained mutation: Spells you cast may paralyse adjacent
                  | enemies. [demonic ancestry]
  2125 | D:2      | Reached XP level 4. HP: 34/34 MP: 4/4
  2127 | D:2      | Learned a level 1 spell: Magic Dart
  2612 | D:3      | Learned a level 2 spell: Blink
  3048 | D:3      | Found a shimmering blue altar of Sif Muna.
  3286 | D:4      | Noticed a scorpion
  3296 | D:4      | Killed a scorpion
  3297 | D:4      | Gained mutation: Your demonic aura sometimes causes spilled
                  | blood to erupt in flames. [demonic ancestry]
  3297 | D:4      | Reached XP level 5. HP: 41/41 MP: 5/5
  3331 | D:4      | Found a bloodstained altar of Trog.
  3748 | D:5      | Entered Level 5 of the Dungeon
  3770 | D:5      | Reached skill level 5 in Polearms
  3785 | D:5      | Noticed a black bear
  3806 | D:5      | Reached XP level 6. HP: 44/48 MP: 6/6
  4220 | D:5      | Learned a level 2 spell: Wereblood
  4381 | D:5      | Reached skill level 6 in Polearms
  4395 | D:5      | Gained mutation: You are mostly covered in slimy green
                  | scales. (AC +3) [demonic ancestry]
  4395 | D:5      | Reached XP level 7. HP: 36/55 MP: 7/7
  4849 | D:5      | Reached skill level 5 in Fighting
  5027 | D:6      | Identified a scroll of acquirement
  5123 | D:6      | Found a sand-covered staircase.
  5138 | Ossuary  | Entered an ossuary
  5305 | Ossuary  | Reached skill level 7 in Polearms
  5639 | D:6      | Gained mutation: You have a pair of horns on your head.
                  | [demonic ancestry]
  5639 | D:6      | Reached XP level 8. HP: 12/62 MP: 8/8
  5959 | D:6      | Found a snail-covered altar of Cheibriados.
  6228 | D:6      | Reached skill level 8 in Polearms
  6467 | D:7      | Found a staircase to the Ecumenical Temple.
  6476 | Temple   | Entered the Ecumenical Temple
  6890 | D:7      | Noticed Joseph
  6918 | D:7      | Killed Joseph
  6919 | D:7      | Reached skill level 9 in Polearms
  7217 | D:7      | Found a burning altar of Makhleb.
  7394 | D:7      | Found Cainac's Jewellery Emporium.
  7423 | D:7      | Reached XP level 9. HP: 72/72 MP: 9/9
  7662 | D:7      | Found a stormy altar of Qazlal.
  7800 | D:8      | Found an ancient bone altar of Kikubaaqudgha.
  8175 | D:8      | Reached skill level 1 in Armour
  8185 | D:8      | Reached skill level 1 in Shields
  8352 | D:8      | Noticed a troll
  8485 | D:8      | Killed a troll
  8486 | D:8      | Reached skill level 10 in Polearms
  8542 | D:8      | Found a shimmering altar of Xom.
  9155 | D:9      | Noticed a two-headed ogre
  9161 | D:9      | Killed a two-headed ogre
  9439 | D:9      | Found a staircase to the Lair.
  9463 | D:9      | Reached XP level 10. HP: 67/79 MP: 10/10
  9467 | D:9      | Noticed a two-headed ogre
  9478 | D:9      | Killed a two-headed ogre
  9700 | D:9      | Found a hazy altar of Hepliaklqana.
  9708 | D:9      | Became a worshipper of Hepliaklqana the Forgotten
 10569 | D:9      | Found a runed translucent door.
 10569 | D:9      | Noticed IdlyInterested's ghost (novice FoGl)
 10571 | D:9      | Identified the +6 spear "Furophyg" {vorpal, *Noise Str+5}
 10766 | D:10     | Entered Level 10 of the Dungeon
 10799 | D:10     | Reached skill level 11 in Polearms
 10991 | D:10     | Noticed Psyche
 11012 | D:10     | Killed Psyche
 11013 | D:10     | Reached skill level 5 in Armour
 11013 | D:10     | Reached skill level 5 in Shields
 11378 | D:10     | Found a broken altar of Ashenzari.
 11391 | D:10     | Reached * piety under Hepliaklqana
 11421 | D:10     | Reached skill level 1 in Invocations
 11518 | D:10     | Found a hide-covered altar of Uskayaw.
 11519 | D:10     | Noticed a +0 dagger
 11519 | D:10     | Noticed a +0 dagger
 11978 | Lair:1   | Entered Level 1 of the Lair of Beasts
 12059 | Lair:1   | Noticed a boulder beetle
 12098 | Lair:1   | Killed a boulder beetle
 12290 | Lair:1   | Noticed a boulder beetle
 12307 | Lair:1   | Killed a boulder beetle
 12632 | Lair:1   | Reached XP level 11. HP: 68/75 MP: 14/14
 12652 | Lair:1   | Reached skill level 5 in Invocations
 12854 | Lair:1   | Reached skill level 5 in Dodging
 13448 | Lair:1   | Reached skill level 12 in Polearms
 13961 | Lair:1   | Acquired the +6 crystal plate armour of Ycoolos {rF+ SInv}
 14480 | Lair:2   | Found a shimmering altar of Xom.
 14630 | Lair:2   | Reached skill level 1 in Evocations
 14707 | Lair:2   | Reached ** piety under Hepliaklqana
 14864 | Lair:2   | HP: 3/77 [wolf (5)]
 14865 | Lair:2   | Slain by a wolf

Illustrated notes

Levels and vault maps discovered:
D:1:      tarquinn_simple_flora_water_f, layout_basic,
          ebering_ecumenical_altar_rust, amcnicky_mini_rare_corridor_liquid
D:2:      layout_basic, basic_altar, serial_forest,
          infiniplex_forest_clump_small, infiniplex_forest_clump_C,
          infiniplex_forest_corner_1, infiniplex_forest_lined_room_3,
          infiniplex_forest_straight_3, infiniplex_forest_lined_2,
          infiniplex_forest_pool, infiniplex_forest_straight_2,
          minmay_misc_feat_tiny, kennysheep_minor_cross, minmay_crystal_room
D:3:      wad_lake_hut, layout_loops_ring, mainiacjoe_overflow_chevrons,
          minmay_misc_feat_pillars, kennysheep_nondescript,
          palyth_stone_intersect
D:4:      layout_loops_ring, mainiacjoe_overflow_six_doors_small
D:5:      layout_gridville, minmay_between
D:6:      layout_cave_pools, slow_altar_1,
          nicolae_ossuary_entry_false_entrances, portal_sewer_entry_a
D:7:      layout_loops_cross, mainiacjoe_overflow_alcove_4,
          mainiacjoe_overflow_alcove_2, minmay_temple_entry_junction,
          serial_shops, nicolae_inconvenience_store, uniq_joseph
D:8:      layout_rooms, xom_confusion_cloud, nicolae_overflow_crystal_walls
D:9:      layout_basic, mainiacjoe_overflow_24_doors, dpeg_oklobed_lair,
          ebering_ghost_funeral_grove
D:10:     layout_grid_maze, dancing_weapons_uskayaw,
          cheibrodos_ashenzari_chains, minmay_misc_feat_encased,
          grunt_decor_arrowhead, uniq_psyche
Temple:   nicolae_temple_bog_church
Lair:1:   layout_small_grid, guppyfry_lair_drakes
Lair:2:   layout_chaotic_city, spider_nest_entry_web_field, basic_altar,
          infiniplex_staircase_pool

Skill      XL: |  1  2  3  4  5  6  7  8  9 10 11 |
---------------+----------------------------------+-----
Polearms       | 3 4 5 6 7 9 10 11 12 | 12.4
Fighting       | 3 4 5 7 8 |  8.0
Armour         | 3 5 |  5.0
Shields        | 3 5 |  5.0
Dodging        | 4 5 |  5.0
Invocations    | 4 7 |  7.0
Evocations     | 2 |  2.2
Throwing       | |  1.7

Action                   |  1- 3 |  4- 6 |  7- 9 | 10-12 || total
-------------------------+-------+-------+-------+-------++-------
Melee: Trident           |   124 |    84 |   257 |   311 ||   776
       Headbutt          |    10 |     8 |    53 |    73 ||   144
       Punch             |       |     1 |     2 |       ||     3
       Dagger            |       |       |       |    10 ||    10
 Fire: Sling             |       |    40 |   128 |    31 ||   199
Throw: Throwing net      |       |     2 |       |     2 ||     4
       Dart              |       |    10 |    13 |    40 ||    63
Invok: Ancestor Identity |       |       |       |     1 ||     1
Evoke: Wand              |       |       |     6 |     1 ||     7
  Use: Scroll            |       |     7 |     9 |     5 ||    21
       Potion            |       |       |       |     2 ||     2
 Stab: Sleeping          |     1 |     4 |     3 |     2 ||    10
       Held in net/web   |       |     1 |       |       ||     1
       Distracted        |       |       |     1 |       ||     1
       Invisible         |       |       |       |     2 ||     2
Armor: Leather armour    |    10 |    42 |   106 |    58 ||   216
       Ring mail         |    25 |       |       |       ||    25
       Crystal plate arm |       |       |       |    57 ||    57
Dodge: Dodged            |    46 |    56 |    89 |    76 ||   267
Block: Buckler           |       |       |    31 |   127 ||   158
       Reflection        |       |       |     4 |     6 ||    10

Table legend: (Time is in decaauts)
 A = Elapsed time spent in this place.
 B = Non-inter-level travel time spent in this place.
 C = Inter-level travel time spent in this place.
 D = Time resting spent in this place.
 E = Time spent auto-exploring this place.
 F = Levels seen in this place.
 G = Mean time per level.
                   A        B        C        D        E       F      G
               +--------+--------+--------+--------+--------+-----+--------+
         Total |  14912 |  14453 |    459 |   4178 |   7737 |  14 | 1065.1 |
       Dungeon |  11386 |  11012 |    374 |   2836 |   6424 |  10 | 1138.6 |
        Temple |    194 |    182 |     12 |      0 |    174 |   1 |  194.0 |
          Lair |   2873 |   2801 |     72 |   1192 |   1118 |   2 | 1436.5 |
       Ossuary |    457 |    457 |      0 |    150 |     21 |   1 |  457.0 |
               +--------+--------+--------+--------+--------+-----+--------+

Top non-repeatable levels by time:
  Lair:1: 2094 daAuts
     D:9: 1829 daAuts
     D:1: 1423 daAuts
     D:7: 1295 daAuts
     D:5: 1274 daAuts
    D:10: 1173 daAuts
     D:8: 1154 daAuts
     D:3: 948 daAuts
     D:6: 847 daAuts
     D:2: 798 daAuts
  Lair:2: 778 daAuts
     D:4: 642 daAuts
 Ossuary: 457 daAuts
  Temple: 194 daAuts
